Map: Chantier naval orbital

Players

AgCl - Winner!

  • Race: Protoss Protoss

Annoyance

  • Race: Terran Terran

VOD

Have the link to the VOD?

Description

Time

  • Played on: May 9, 2015, 7:07 p.m.
  • Length: 22:06
Show
View Real Time Build Order
Export as new Build Order

AgCl Protoss - Winner!

Build Orders: Carrier Rush 

Get SALT Encoding   

  12  0:04  Probe  
  13  0:16  Probe  
  14  0:21  Pylon  
  14  0:32  Assimilator  
  14  0:39  Probe  
  15  0:51  Probe  
  16  1:03  Gateway  
  16  1:04  Probe (Chrono Boost)  
  17  1:16  Probe (Chrono Boost)  
  18  1:22  Pylon  
  18  1:23  Probe (Chrono Boost)  
  19  1:27  Assimilator  
  19  1:33  Probe  
  20  1:48  Probe (Chrono Boost)  
  20  1:52  Nexus  
  21  1:59  Probe (Chrono Boost)  
  22  2:05  Probe  
  23  2:17  Probe  
  25  2:34  Cybernetics Core  
  24  2:41  Probe (Chrono Boost)  
  25  2:47  Nexus, Pylon  
  25  2:53  Probe (Chrono Boost)  
  26  3:01  Probe (Chrono Boost)  
  26  3:04  Pylon  
  27  3:08  Probe (Chrono Boost)  
  27  3:10  Probe (Chrono Boost)  
  29  3:18  Stargate  
  29  3:22  Warp Gate (Chrono Boost)  
  29  3:23  Mothership Core (Chrono Boost)  
  32  3:28  Probe (Chrono Boost)  
  32  3:36  Probe (Chrono Boost)  
  32  3:39  Probe (Chrono Boost)  
  34  3:47  Assimilator  
  36  3:48  Probe (Chrono Boost), Assimilator  
  36  3:49  Probe (Chrono Boost)  
  38  3:56  Forge  
  38  3:57  Probe (Chrono Boost)  
  38  3:59  Probe x2 (Chrono Boost)  
  39  4:02  Oracle  
  42  4:10  Fleet Beacon  
  42  4:12  Probe (Chrono Boost)  
  42  4:14  Probe  
  42  4:15  Probe  
  45  4:24  Probe  
  46  4:26  Probe  
  46  4:27  Probe, Pylon  
  46  4:30  Pylon  
  48  4:34  Pylon  
  48  4:36  Probe, Carrier (Chrono Boost)  
  48  4:38  Probe  
  50  4:39  Probe  
  51  4:50  Probe (Chrono Boost)  
  51  4:51  Probe (Chrono Boost)  
  53  4:57  Probe (Chrono Boost)  
  53  4:59  Graviton Catapult (Chrono Boost)  
  60  5:03  Probe (Chrono Boost)  
  60  5:05  Probe (Chrono Boost)  
  63  5:07  Probe (Chrono Boost)  
  63  5:09  Probe (Chrono Boost)  
  63  5:11  Photon Cannon  
  63  5:13  Probe (Chrono Boost), Pylon  
  65  5:17  Probe (Chrono Boost)  
  67  5:25  Probe (Chrono Boost), Assimilator  
  67  5:27  Carrier (Chrono Boost)  
  68  5:30  Probe (Chrono Boost)  
  69  5:36  Probe (Chrono Boost)  
  70  5:52  Photon Cannon  
  70  5:55  Probe  
  71  6:01  Probe  
  72  6:05  Probe, Photon Cannon  
  73  6:14  Photon Cannon  
  73  6:15  Probe (Chrono Boost)  
  73  6:22  Protoss Air Weapons Level 1 (Chrono Boost)  
  73  6:23  Carrier (Chrono Boost)  
  73  6:24  Probe (Chrono Boost)  
  74  6:26  Probe x2 (Chrono Boost)  
  74  6:32  Probe (Chrono Boost)  
  76  6:38  Probe (Chrono Boost)  
  76  6:39  Protoss Ground Weapons Level 1  
  76  6:42  Twilight Council  
  76  6:46  Probe (Chrono Boost), Stargate  
  83  6:48  Pylon  
  83  6:53  Assimilator  
  83  6:57  Photon Cannon  
  83  6:59  Photon Cannon  
  83  7:03  Photon Cannon  
  83  7:06  Gateway  
  83  7:07  Pylon, Photon Cannon  
  83  7:09  Gateway  
  83  7:25  Probe  
  83  7:26  Carrier (Chrono Boost)  
  84  7:31  Carrier (Chrono Boost)  
  84  7:32  Charge (Chrono Boost)  
  84  7:36  Templar Archives  
  84  7:37  Pylon  
  96  8:07  Gateway  
  96  8:09  Gateway  
  96  8:12  Gateway  
  96  8:17  Pylon  
  96  8:18  Carrier (Chrono Boost)  
  96  8:25  Carrier (Chrono Boost)  
  96  8:29  Protoss Air Weapons Level 2 (Chrono Boost)  
  96  8:31  Probe  
  97  8:36  Psionic Storm  
  103  8:45  Zealot x2  
  113  9:00  Dark Shrine  
  113  9:03  Pylon x2  
  110  9:13  Protoss Ground Weapons Level 2 (Chrono Boost)  
  110  9:28  Robotics Facility  
  110  9:30  Gateway x2  
  110  9:32  Pylon  
  110  9:33  Gateway  
  110  9:49  Nexus  
  110  9:51  Pylon  
  110  9:53  Assimilator  
  110  9:55  Pylon, Assimilator  
  110  9:56  High Templar x4  
  110  9:59  Pylon  
  118  10:05  Pylon  
  118  10:09  Pylon  
  116  10:15  Dark Templar x2  
  116  10:20  Observer (Chrono Boost)  
  115  10:22  Pylon  
  115  10:26  Dark Templar  
  110  10:34  Warp Prism (Chrono Boost)  
  106  10:41  Archon x2  
  87  10:55  Dark Templar x2, Zealot  
  87  10:56  Zealot  
  90  11:10  Observer  
  86  11:17  Probe (Chrono Boost)  
  86  11:18  Probe (Chrono Boost)  
  88  11:31  Pylon  
  89  11:33  Nexus  
  89  11:34  Probe (Chrono Boost)  
  89  11:42  Probe (Chrono Boost), Protoss Ground Weapons Level 3 (Chrono Boost)  
  92  11:50  Probe (Chrono Boost)  
  92  11:53  Probe (Chrono Boost)  
  92  11:55  Probe (Chrono Boost)  
  92  11:59  Probe  
  94  12:01  Probe  
  94  12:03  Nexus  
  94  12:05  Dark Templar, Assimilator  
  97  12:19  Probe  
  98  12:35  Protoss Air Weapons Level 3 (Chrono Boost)  
  96  12:43  Photon Cannon  
  96  12:46  Gateway  
  96  12:49  Photon Cannon  
  96  12:52  Photon Cannon  
  96  12:54  Gateway  
  96  12:56  Pylon  
  96  12:59  Zealot  
  98  13:10  Pylon  
  98  13:21  Pylon  
  98  13:22  High Templar  
  98  13:23  Pylon, High Templar x2  
  98  13:24  High Templar  
  98  13:26  Assimilator  
  106  13:40  Carrier (Chrono Boost)  
  104  13:58  Zealot  
  104  14:01  Phoenix (Chrono Boost)  
  114  14:05  Protoss Shields Level 1  
  106  14:30  Carrier (Chrono Boost), Assimilator  
  106  14:32  Probe  
  106  14:35  Pylon  
  106  14:36  Photon Cannon  
  106  14:37  Protoss Air Armor Level 1  
  106  14:38  Photon Cannon x2  
  107  14:39  Probe x2  
  107  14:40  Probe  
  107  14:44  Probe  
  111  14:51  Pylon  
  117  14:59  Pylon  
  115  15:14  Carrier (Chrono Boost)  
  115  15:22  Pylon  
  115  15:30  Pylon  
  115  15:32  Carrier (Chrono Boost)  
  115  15:34  Pylon  
  127  15:51  Pylon  
  127  15:54  Pylon  
  127  15:58  Stargate  
  127  16:14  Archon x2  
  127  16:19  High Templar  
  127  16:20  Nexus, High Templar x3  
  135  16:33  Photon Cannon x2  
  135  16:37  Pylon  
  135  16:38  Photon Cannon  
  135  16:41  Warp Prism (Chrono Boost)  
  137  16:48  Robotics Bay  
  137  16:54  Protoss Shields Level 2 (Chrono Boost)  
  137  17:13  Dark Templar, Pylon  
  137  17:14  Zealot  
  141  17:19  Zealot  
  143  17:37  Gravitic Drive (Chrono Boost)  
  139  17:46  Zealot  
  137  17:52  Warp Prism (Chrono Boost)  
  139  18:12  Assimilator  
  139  18:15  Photon Cannon  
  139  18:17  Pylon  
  139  18:21  Nexus  
  139  18:23  Pylon  
  139  18:25  Assimilator  
  139  18:27  Observer Gravitic Boosters  
  139  18:29  Assimilator  
  139  18:45  Carrier x2 (Chrono Boost)  
  139  18:48  Dark Shrine  
  139  18:49  Carrier (Chrono Boost)  
  139  18:57  Protoss Shields Level 3 (Chrono Boost)  
  139  18:59  Protoss Air Armor Level 2 (Chrono Boost)  
  134  20:03  Dark Templar  
  134  20:04  Dark Templar x3  
  138  20:16  Phoenix x2  
  138  20:17  Phoenix  
  144  20:24  High Templar x4  
  152  20:29  Assimilator  
  152  20:34  Carrier (Chrono Boost)  
  152  20:41  Phoenix (Chrono Boost)  
  154  20:45  Nexus  
  160  21:16  Pylon  
  160  21:31  Zealot  
  162  21:42  Pylon  
Show
View Real Time Build Order
Export as new Build Order

Annoyance Terran 

Build Orders: MMM Bio 

Get SALT Encoding   

  12  0:04  SCV  
  13  0:16  SCV  
  14  0:24  Supply Depot  
  14  0:28  SCV  
  14  0:30  Refinery  
  15  0:47  Barracks  
  15  0:49  SCV  
  16  1:01  SCV  
  17  1:13  SCV  
  18  1:25  SCV  
  19  1:37  SCV, Supply Depot  
  19  1:38  Marine  
  21  1:52  Command Center  
  21  2:06  Bunker  
  21  2:13  Barracks Reactor  
  21  2:16  Factory  
  21  2:26  Barracks  
  21  2:36  Orbital Command  
  21  2:52  Marine x2  
  23  3:06  Starport  
  23  3:08  Factory Tech Lab  
  23  3:12  Marine x2  
  25  3:15  Barracks Tech Lab  
  25  3:16  Refinery  
  25  3:23  Orbital Command  
  25  3:39  Marine x2  
  25  3:40  Marine  
  28  3:44  Medivac  
  28  3:46  Widow Mine  
  32  3:50  SCV x2  
  34  4:13  SCV  
  34  4:14  SCV, Widow Mine, Medivac  
  40  4:20  Marine x3  
  43  4:26  SCV  
  43  4:28  SCV  
  43  4:29  Refinery  
  45  4:35  Supply Depot  
  45  4:36  Supply Depot  
  45  4:38  SCV  
  46  4:56  Marine x3  
  46  4:57  SCV, Siege Tank  
  46  4:58  Starport Reactor  
  53  5:04  SCV  
  54  5:09  SCV  
  55  5:14  Marine x3  
  55  5:16  SCV  
  55  5:21  SCV  
  57  5:26  Engineering Bay  
  57  5:28  SCV  
  55  5:32  Marine x2  
  55  5:33  SCV  
  58  5:40  SCV  
  56  5:56  Viking x2  
  59  6:03  Missile Turret  
  58  6:05  Missile Turret  
  58  6:09  SCV x2  
  57  6:21  SCV x2  
  57  6:23  Marine x2  
  59  6:27  Marine  
  58  6:33  SCV  
  58  6:34  Terran Infantry Weapons Level 1  
  58  6:38  SCV  
  60  6:41  Marine x2  
  60  6:45  SCV, Stimpack, Marine  
  64  6:50  Medivac  
  66  6:58  Marine  
  66  6:59  Marine  
  68  7:01  SCV x2  
  70  7:11  Supply Depot x2  
  70  7:32  SCV, Medivac x2, Marine x3  
  70  7:33  SCV  
  70  7:36  Supply Depot x2  
  79  7:50  Barracks, Marine x3  
  82  7:52  Barracks  
  82  8:03  SCV x2  
  84  8:07  Marine x3  
  84  8:08  Refinery  
  87  8:14  Viking  
  87  8:15  SCV x2  
  87  8:18  Viking  
  93  8:21  Command Center  
  93  8:25  Marine x3  
  97  8:27  SCV x2  
  97  8:33  Terran Infantry Armor Level 1  
  98  8:38  Armory  
  98  8:39  SCV x2  
  98  8:40  Factory  
  100  8:43  Marine  
  101  8:49  Combat Shields, Barracks Tech Lab x2  
  101  9:03  Viking  
  101  9:04  Viking  
  104  9:14  Concussive Shells  
  104  9:15  Marine x5  
  109  9:33  Marine x5  
  114  9:47  Factory Tech Lab  
  114  9:49  Thor  
  114  9:50  Marine  
  114  9:51  Viking x2, Marine  
  88  10:55  Thor  
  88  10:56  Thor  
  91  10:59  Viking  
  91  11:00  Viking  
  91  11:02  Marine x5  
  90  11:10  Planetary Fortress  
  90  11:13  SCV  
  90  11:14  SCV  
  92  11:19  Marine  
  92  11:20  Marine x2  
  92  11:24  Missile Turret  
  95  11:25  SCV  
  95  11:29  Viking, Missile Turret  
  95  11:30  Viking, Missile Turret  
  100  11:50  SCV  
  101  11:59  Medivac  
  101  12:00  Viking  
  105  12:02  SCV  
  105  12:03  Sensor Tower  
  106  12:14  SCV, Missile Turret x2  
  104  12:17  Sensor Tower  
  99  12:26  SCV  
  99  12:29  Medivac  
  99  12:30  Viking  
  101  12:38  SCV  
  101  12:44  Missile Turret  
  102  12:48  Missile Turret  
  102  12:58  Refinery x2  
  102  12:59  Viking, Medivac  
  102  13:00  Thor x2  
  102  13:02  Marine x3  
  102  13:03  Marauder x2  
  125  13:20  Marine x2  
  125  13:21  Marauder  
  125  13:24  Marauder x2  
  133  14:03  Marauder, Marine x3  
  133  14:04  Marauder  
  116  14:21  Marine x2  
  116  14:22  Marauder  
  116  14:23  Siege Tank x2  
  124  14:25  Marauder x2  
  128  14:38  Marine  
  128  14:39  Marine  
  128  14:43  Marauder  
  132  14:46  Marauder, Marine  
  135  14:55  Terran Infantry Weapons Level 2  
  135  14:56  Marine x2  
  135  14:57  Terran Vehicle and Ship Weapons Level 1  
  137  15:04  Marauder x2  
  141  15:22  Supply Depot x2  
  141  15:23  Supply Depot x2  
  141  15:30  Command Center  
  141  15:43  Marine  
  141  15:44  Marauder  
  141  15:45  Barracks  
  141  15:48  Barracks  
  144  15:51  Barracks  
  144  15:54  Barracks  
  138  16:18  Marine  
  138  16:19  Marauder x2, Marine x2  
  145  16:36  Marine x2  
  145  16:37  Marauder  
  145  16:39  Missile Turret  
  149  16:40  Missile Turret  
  149  16:41  Marauder x2  
  149  16:45  Planetary Fortress  
  153  16:54  Marine  
  153  16:59  Marauder  
  156  17:02  Marauder x2  
  160  17:11  Terran Infantry Armor Level 2  
  160  17:20  Marauder  
  162  17:25  Barracks Tech Lab x4  
  162  18:03  Command Center  
  162  19:00  Marine  
  162  19:01  Marauder x3, Marine x4  
  162  19:02  Marauder  
  175  19:03  Terran Vehicle and Ship Weapons Level 2  
  175  19:05  Siege Tank x2  
  175  19:07  Medivac x2  
  185  19:18  Marine x2  
  185  19:19  Marauder x3  
  185  19:22  Marine x2  
  185  19:23  Marauder x2  
  198  19:27  Building Armor  
  180  19:36  Marine x2  
  180  19:37  Siege Tank x2, Medivac x2  
  183  19:40  Marauder  
  183  19:41  Marauder  
  96  20:07  Viking x2  
  96  20:12  Marine  
  96  20:13  Marine x6  
  107  20:29  Marine x2  
  107  20:30  Marine  
  107  20:31  Marine x6  
  116  20:37  Planetary Fortress, Viking x2  
  120  20:46  Refinery, Marine  
  120  20:47  Marine  
  120  20:48  Marine  
  120  20:49  Marine x5  
  128  21:07  Viking x2  
  132  21:26  Starport x2  
  132  21:27  Starport  
  132  21:35  Fusion Core  
  132  21:38  Command Center x2  
Tags
 
Add a new tag
Caveats
  • Supply blocks, unpowered buildings, or Contaminate may cause inaccurate times.
  • Supply counts are checked every 10 seconds.